 Dungeon Crawl Stone Soup version 0.17.1-2-g5865329 (webtiles) character file.

24 ololoev the Skirmisher (level 2, -1/24 HPs)
             Began as a Demonspawn Fighter on Jan 25, 2016.
             Slain by a worker ant (4 damage)
             ... on level 3 of the Dungeon.
             The game lasted 00:01:20 (232 turns).

ololoev the Skirmisher (Demonspawn Fighter)          Turns: 232, Time: 00:01:20

Health: -1/24      AC:  6    Str: 16    XL:     2   Next: 79%
Magic:  0/2        EV:  6    Int:  9    God:
Gold:   18         SH:  8    Dex: 12    Spells: 0 memorised, 1 level left

rFire  . . .     SeeInvis .     a - +0 war axe
rCold  . . .     Clarity  .     b - +0 scale mail
rNeg   . . .     SustAt   .     c - +0 shield
rPois  .         Gourm    .     (no helmet)
rElec  .         Spirit   +     (no cloak)
rCorr  .         Warding  .     (no gloves)
rMut   .         Stasis   .     (no boots)
MR     .....                    (no amulet)
Stlth  ..........               (no ring)
                                (no ring)

@: lethally poisoned (-1 -> -6), not resistant to hostile enchantments,
extremely unstealthy
A: magic shield
a: no special abilities


Innate Abilities, Weirdness & Mutations

When hurt, damage is shared between your health and your magic reserves.

Inventory:

Hand Weapons
 a - a +0 war axe (weapon)
Armour
 b - a +0 scale mail (worn)
 c - a +0 shield (worn)
Scrolls
 d - a scroll of blinking {unknown}
 f - a scroll of identify {unknown}
 i - a scroll of teleportation {unknown}
 j - a scroll of random uselessness {unknown}
Comestibles
 e - 2 bread rations
 g - a meat ration
 h - a beef jerky


   Skills:
 - Level 3.0 Fighting
 * Level 2.7 Axes
 + Level 3.0 Armour
 - Level 2.6 Shields


You had one spell level left.
You didn't know any spells.


You were on level 3 of the Dungeon.
You were not hungry.

You visited 1 branch of the dungeon, and saw 3 of its levels.

You collected 18 gold pieces.

#. .## ### #. .(. . ..#
#.###..##.# #.#
#.#.......#.###.####
####.#.#..#......<....#
#....a$...##.#.###.#...
#...<.@).###. #.# .
#...#<.........[...# ##
##.############# ###

Notes
Turn   | Place    | Note
--------------------------------------------------------------
     0 | D:1      | ololoev the Demonspawn Fighter began the quest for the Orb.
     0 | D:1      | Reached XP level 1. HP: 18/18 MP: 1/1
   117 | D:2      | Gained mutation: When hurt, damage is shared between your health and your magic reserves. [demonic ancestry]
   117 | D:2      | Reached XP level 2. HP: 13/24 MP: 2/2
   173 | D:2      | Found a bloodstained altar of Trog.
   232 | D:3      | Slain by a worker ant

Dungeon Overview and Level Annotations

Branches:
Dungeon (3/15)

Altars:
Trog


Message History

A worker ant and an orc come into view.
The orc shouts!
The worker ant twitches its antennae in your direction.
Found 14 gold pieces.
Found a stone staircase leading up.
There is a stone staircase leading up here.
Drink which item? (? for menu, Esc to quit)
It was a potion of magic.
Magic courses through your body. The worker ant bites you.
You are poisoned.
The worker ant poisons you!
Found 22 stones.
You are too injured to fight recklessly!
You are too injured to fight recklessly!
You are too injured to fight recklessly!
You are too injured to fight recklessly!
You are too injured to fight recklessly!
You are too injured to fight recklessly!
You are too injured to fight recklessly!
You are too injured to fight recklessly!
You are too injured to fight recklessly!
You are too injured to fight recklessly!
You are too injured to fight recklessly!
Your scale mail prevents you from hitting the worker ant.
You feel sick. The worker ant barely misses you.
The worker ant barely misses you.
You closely miss the worker ant. You slash the orc!
You kill the orc!
The worker ant bites you.
You hit the worker ant.
The worker ant is moderately wounded.
You feel sick. The worker ant bites you. You block the worker ant's attack.
You closely miss the worker ant.
The worker ant is moderately wounded.
You feel sick.
The worker ant bites you but does no damage.
You block the worker ant's attack.
You barely miss the worker ant.
The worker ant is moderately wounded.
You feel sick. The worker ant bites you.
You die...

You could see a worker ant.

Vanquished Creatures
  2 adders (D:2)
  An orc (D:3)
  A quokka (D:2)
  A kobold (D:2)
  A rat (D:2)
6 creatures vanquished.

Action                   || total
-------------------------++-------
Melee: War axe           ||    28
  Use: Potion            ||     2

Vault maps used:
D:1:      minmay_arrival_wavy_path
D:2:      lemuel_blue_sif_altar, cheibriados_altar_1, kiku_gazebo_pond_becter,
          lemuel_crystal_altar
